 Dungeon Crawl Stone Soup version 0.18.1-50-g88ac8fd (webtiles) character file.

68 Amnesiac the Charlatan (level 4, -3/21 HPs)
             Began as a Vine Stalker Artificer on July 6, 2018.
             Slain by an ogre
             ... wielding a +0 giant club
              (15 damage)
             ... on level 4 of the Dungeon.
             The game lasted 00:04:02 (992 turns).

Amnesiac the Charlatan (Vine Stalker Artificer)      Turns: 992, Time: 00:04:02

Health: -3/21      AC:  3    Str: 15    XL:     4   Next: 19%
Magic:  0/7        EV: 12    Int: 12    God:
Gold:   63         SH:  0    Dex: 14    Spells: 0 memorised, 3 levels left

rFire  . . .     SeeInvis .     a - +0 short sword
rCold  + . .     Gourm    .     b - +0 leather armour
rNeg   . . .     Faith    .     (no shield)
rPois  .         Spirit   +     (no helmet)
rElec  .         Dismiss  .     (no cloak)
rCorr  .         Reflect  .     (no gloves)
SustAt .         Harm     .     (no boots)
MR     .....                    (no amulet)
Stlth  ++........               (no ring)
                                u - ring of protection from cold

@: not resistant to hostile enchantments, unstealthy
A: fangs 2, regeneration 1, magic shield, antimagic bite, no device heal 3, rot
immunity
a: no special abilities


You were on level 4 of the Dungeon.
You were not hungry.

You visited 1 branch of the dungeon, and saw 4 of its levels.

You collected 63 gold pieces.

Inventory:

Hand Weapons
 a - a +0 short sword (weapon)
 m - a +0 blowgun
Missiles
 l - 14 poisoned needles
 t - a stone (quivered)
Armour
 b - a +0 leather armour (worn)
 n - a +0 pair of boots
Jewellery
 u - a ring of protection from cold (left hand)
Wands
 c - a wand of flame (14/48)
 d - a wand of enslavement (13/24)
 e - a wand of random effects (10/48)
Scrolls
 j - 2 scrolls of amnesia {!r, unknown}
 k - a scroll of blinking {!r, unknown}
 p - a scroll of remove curse {!r, unknown}
 s - a scroll of recharging {!r, unknown}
Potions
 h - a potion of lignification {!q}
 i - a potion of might {!q, unknown}
 o - a potion of cure mutation {!q, unknown}
 q - a potion of degeneration {!q, unknown}
 r - a potion of agility {!q, unknown}
Comestibles
 f - a bread ration


   Skills:
 - Level 0.8 Fighting
 * Level 2.6 Short Blades
 - Level 1.5 Dodging
 + Level 2.0 Stealth
 * Level 3.3 Evocations


You had 3 spell levels left.
You didn't know any spells.

Dungeon Overview and Level Annotations

Branches:
Dungeon (4/15)
 Temple: D:4-7

Altars:


Innate Abilities, Weirdness & Mutations

You have extremely sharp teeth.
Your natural rate of healing is unusually fast.
When hurt, damage is shared between your health and your magic reserves.
Your bite disrupts and absorbs the magic of your enemies.
Potions and wands cannot restore your health.
You are immune to rotting.


Message History

This wand has 13 charges left.
Evoke which item? (* to show all) (? for menu, Esc to quit)
Okay, then.
Found 8 gold pieces.
Found a stone staircase leading down.
Autopickup is now on.
Autopickup is now off.
Autopickup is now on.
Autopickup is now off.
Found 9 gold pieces.
You hear the slow rusting of a distant drain.
Evoke which item? (* to show all) (? for menu, Esc to quit)
Zapping:
e - a wand of random effects (13/48)
Press: ? - help, Shift-Dir - straight line, f/p - ogre
Aim: an ogre, wielding a giant club The ogre flickers and vanishes!
This wand has 12 charges left.
Evoke which item? (* to show all) (? for menu, Esc to quit)
Zapping:
e - a wand of random effects (12/48)
Press: ? - help, Shift-Dir - straight line, f - you That would be overly suicidal.
Okay, then.
Evoke which item? (* to show all) (? for menu, Esc to quit)
Zapping:
e - a wand of random effects (12/48)
Press: ? - help, Shift-Dir - straight line The rock shatters into small pieces.
This wand has 11 charges left.
Found 23 stones.
All of the chunks of flesh in your inventory have rotted away.
You see here 23 stones.
You hear the slow rusting of a drain nearby.
Found a scroll labeled XIMEODWY DIEZ and 16 stones.
You see here 16 stones.
An ogre appears from thin air!
The ogre hits you with a giant club!!
Ouch! That really hurt!
* * * LOW HITPOINT WARNING * * *
Found 13 gold pieces and a scroll labeled XIMEODWY DIEZ.
Found a bread ration and a scroll labeled COIPNO TONAJO.
Evoke which item? (* to show all) (? for menu, Esc to quit)
Zapping:
e - a wand of random effects (11/48)
Press: ? - help, Shift-Dir - straight line, f - ogre
Aim: an ogre, wielding a giant club The ogre resists with significant effort.
This wand has 10 charges left.
The ogre barely misses you.
Evoke which item? (* to show all) (? for menu, Esc to quit)
Zapping:
d - a wand of enslavement (15/24)
Press: ? - help, Shift-Dir - straight line, f/p - ogre
Aim: an ogre, wielding a giant club (chance to defeat MR: 52%)
The ogre resists with significant effort.
This wand has 14 charges left.
The ogre closely misses you.
Evoke which item? (* to show all) (? for menu, Esc to quit)
Zapping:
d - a wand of enslavement (14/24)
Press: ? - help, Shift-Dir - straight line, f/p - ogre
Aim: an ogre, wielding a giant club (chance to defeat MR: 52%)
The ogre resists with significant effort.
This wand has 13 charges left.
Evoke which item? (* to show all) (? for menu, Esc to quit)
Zapping:
c - a wand of flame (15/48)
Press: ? - help, Shift-Dir - straight line, f/p - ogre
Aim: an ogre, wielding a giant club The puff of flame hits the ogre.
The ogre is lightly wounded.
This wand has 14 charges left.
The ogre hits you with a giant club!!
Ouch! That really hurt!
You die...

#.#..#.# #.# #
#..#.# #.# #..#.#
#.# ####.# #.#
#..# #.# ##.#
#####.# #..#
#.....# ##O#
#.##### # #@.# #.#
# ########.# #
#.....##(########
#####.....?......#
#.....##.########.
#..####.##.# #
#.##.# #
#.####.##.# #
#.........# ######


You could see an ogre.

Vanquished Creatures
  3 gnolls (D:3)
  An adder (D:2)
  A worm (D:2)
  A giant gecko (D:2)
  An orc (D:3)
  A bat (D:3)
  2 giant cockroaches
  3 goblins
  2 hobgoblins
  A jackal (D:2)
  2 quokkas
  A giant newt (D:3)
  4 kobolds
  A rat (D:3)
24 creatures vanquished.

Notes
Turn   | Place    | Note
--------------------------------------------------------------
     0 | D:1      | Amnesiac the Vine Stalker Artificer began the quest for the Orb.
     0 | D:1      | Reached XP level 1. HP: 9/9 MP: 3/3
    17 | D:1      | Reached skill level 1 in Short Blades
   130 | D:2      | Reached XP level 2. HP: 14/14 MP: 5/5
   545 | D:2      | Reached skill level 3 in Evocations
   561 | D:2      | Reached XP level 3. HP: 8/17 MP: 4/6
   689 | D:3      | Reached XP level 4. HP: 7/21 MP: 4/7
   694 | D:3      | HP: 1/21 [gnoll/club (3)]
   867 | D:4      | Noticed an ogre
   869 | D:4      | Noticed an ogre
   992 | D:4      | Slain by an ogre

Skill      XL: |  1  2  3 |
---------------+----------+-----
Short Blades   | 1 2 |  2.6
Evocations     | 3 |  3.3
Stealth        | 2 |  2.0
Fighting       | |  0.8
Dodging        | |  1.5

Action                   |  1- 3 |  4- 6 || total
-------------------------+-------+-------++-------
Melee: Short sword       |   111 |     8 ||   119
       Bite              |    30 |     2 ||    32
Evoke: Wand              |       |     8 ||     8
  Use: Potion            |     2 |       ||     2
 Stab: Sleeping          |       |     1 ||     1
Armor: Leather armour    |    17 |       ||    17
       Skin              |     8 |       ||     8
Dodge: Dodged            |    60 |     4 ||    64
